 Dungeon Crawl Stone Soup version 0.29.1-2-gbd0b4ee654 (webtiles) character file.

Game seed: 6731561438649127600

58 MisterFreud the Ducker (level 3, 0/17 HPs)
             Began as a Felid Berserker on Oct 24, 2022.
             Was a Believer of Trog.
             Slain by a worm (6 damage)
             ... on level 2 of the Dungeon.
             The game lasted 00:01:10 (1575 turns).

MisterFreud the Ducker (Felid Berserker)            Turns: 1575, Time: 00:01:11

Health: 0/17       AC:  1    Str: 19    XL:     3   Next: 75%
Magic:  4/4        EV: 18    Int:  8    God:    Trog [**....]
Gold:   58         SH:  0    Dex: 17    Spells: 2/2 levels left
                                        Lives:  0   Deaths: 0

rFire   . . .      SeeInvis +     - Unarmed
rCold   . . .      Faith    +   (shield unavailable)
rNeg    . . .      Spirit   .   (body armour unavailable)
rPois   .          Reflect  .   (helmet unavailable)
rElec   .          Harm     .   (cloak unavailable)
rCorr   .          Rampage  .   (gloves unavailable)
Will    .....                   (boots unavailable)
Stlth   +++.......              k - amulet of faith
HPRegen 0.05/turn               j - +6 ring of strength
MPRegen 0.09/turn               (no ring)

@: quick
A: very small, claws 1, fangs 3, see invisible, speed 1, shaggy fur 1, stealthy
paws, no weapons or thrown items, no armour, multi-lived
a: Renounce Religion, Berserk, Trog's Hand


You were on level 2 of the Dungeon.
You worshipped Trog.
Trog was pleased with you.
You visited 1 branch of the dungeon, and saw 2 of its levels.

You collected 58 gold pieces.

Inventory:

Jewellery
 j - a +6 ring of strength (left paw)
 k - an amulet of faith (around neck)
Scrolls
 a - 2 scrolls of identify {unknown}
 i - a scroll of blinking {unknown}
Potions
 b - a potion of curing
 c - a potion of ambrosia {unknown}
 d - a potion of brilliance {unknown}
 e - 2 potions of flight {unknown}
 f - a potion of attraction {unknown}
 g - a potion of cancellation {unknown}
 h - a potion of invisibility {unknown}


   Skills:
 - Level 3.0 Fighting
 - Level 4.0 Dodging
 + Level 3.4 Stealth
 + Level 4.0 Unarmed Combat


You had 2 spell levels left.
You didn't know any spells.
Your spell library was empty.

Dungeon Overview and Level Annotations

Branches:
Dungeon (2/15)

Altars:


Innate Abilities, Weirdness & Mutations

You have sharp claws.
You have razor-sharp teeth.
You have supernaturally acute eyesight. (SInv)
You cover ground quickly. (Speed+)
You are covered in fur. (AC +1)
Your paws help you pounce on unaware monsters.
You are incapable of wielding weapons or throwing items.
You cannot wear armour.
You gain extra lives every three experience levels.


Message History

The frilled lizard bites you.
The goblin unwields a +0 sling.
The goblin wields a +0 club.
The goblin closely misses you.
There are monsters nearby!
You scratch the bat. You bite the bat.
You kill the bat!
Trog accepts your kill. The frilled lizard barely misses you.
There are monsters nearby!
You claw the goblin!
You kill the goblin!
Trog accepts your kill.
You can now call upon Trog for regeneration and willpower.
The frilled lizard bites you.
Your Unarmed Combat skill increases to level 4!
A frilled lizard is nearby!
You barely miss the frilled lizard.
A frilled lizard is nearby!
A frilled lizard is nearby!
You scratch the frilled lizard.
You kill the frilled lizard!
Trog accepts your kill.
Key pressed, stopping explore.
No target in view!
Key pressed, stopping explore.
No target in view!
A worm comes into view.
A worm is nearby!
A worm is nearby!
Found a fuming golden potion.
You barely miss the worm. The worm bites you!
Ouch! That really hurt!
You are too injured to fight recklessly!
You are too injured to fight recklessly!
You are too injured to fight recklessly!
You claw the worm!
The worm is heavily wounded.
You scratch the worm.
The worm is heavily wounded.
The worm bites you.
You die...

....## ###.# ...!# .#
...# # ...# ... #..
#.# #w# . ######.##
##@###... #.......#
##.........
#.......###..........
#.......##..##'##....
#.......#..## ..# ...
#.......#..# ...# .#
#..........# ...# .
#...)......# ...#
#...†...#..## ##


You could see a worm.

Vanquished Creatures
  2 adders (D:2)
  A worm (D:2)
  A dart slug (D:1)
  2 bats
  2 endoplasms (D:1)
  2 giant cockroaches (D:1)
  3 goblins
  2 hobgoblins (D:1)
  4 jackals (D:1)
  3 quokkas (D:1)
  3 frilled lizards
  5 kobolds
  2 rats (D:1)
32 creatures vanquished.

Notes
Turn   | Place    | Note
-------+----------+-------------------------------------------
     0 | D:1      | MisterFreud the Felid Berserker began the quest for the
                  | Orb.
     0 | D:1      | Reached XP level 1. HP: 10/10 MP: 2/2
    79 | D:1      | Reached skill level 1 in Stealth
   195 | D:1      | Reached XP level 2. HP: 12/14 MP: 3/3
   847 | D:1      | Reached XP level 3. HP: 16/17 MP: 4/4
  1092 | D:2      | HP: 1/25 [poisoned by an adder]
  1494 | D:2      | Reached ** piety under Trog
  1575 | D:2      | Slain by a worm

Illustrated notes

Levels and vault maps discovered:
D:1:      minmay_arrival_four_circles, layout_basic, minmay_unequal
D:2:      layout_basic, basic_altar, kennysheep_jessica_study

Skill      XL: |  1  2  3 |
---------------+----------+-----
Stealth        | 1 2 3 |  3.4
Unarmed Combat | 4 |  4.0
Fighting       | |  3.0
Dodging        | |  4.0

Action                   || total
-------------------------++-------
Melee: Unarmed           ||    66
       Bite              ||     4
       Punch             ||     1
Invok: Berserk           ||     1
  Use: Potion            ||     1
 Stab: Sleeping          ||     6
Armor: Skin              ||     3
Dodge: Dodged            ||    44
